 Dungeon Crawl Stone Soup version 0.25-a0-294-gea9b1ad378 (webtiles) character file.

Game seed: 3346683631313107808, levelgen mode: deterministic

4403 Faustar the Grappler (level 10, -4/104 HPs)
             Began as a Troll Arcane Marksman on Dec 18, 2019.
             Was a Believer of Ru.
             Slain by a two-headed ogre
             ... wielding a +0 giant club
              (19 damage)
             ... on level 8 of the Dungeon.
             The game lasted 00:13:15 (6299 turns).

Faustar the Grappler (Troll Arcane Marksman)        Turns: 6299, Time: 00:13:15

Health: -4/104     AC:  9    Str: 23    XL:     10   Next: 13%
Magic:  10/10      EV: 11    Int:  9    God:    Ru [**....]
Gold:   571        SH:  0    Dex: 10    Spells: 7/11 levels left

rFire    . . .     SeeInvis .     - Unarmed
rCold    + . .     Gourm    +   (shield unavailable)
rNeg     . . .     Faith    .   a - +1 robe
rPois    .         Spirit   .   r - +2 hat
rElec    .         Reflect  .   (no cloak)
rCorr    .         Harm     .   (gloves unavailable)
MR       .....                  (boots unavailable)
Stlth    +.........             (no amulet)
HPRegen  0.67/turn              (ring unavailable)
MPRegen  0.12/turn              l - ring of protection from cold

@: no status effects
A: large, unfitting armour, claws 3, fast metabolism 3, gourmand, regeneration
1, shaggy fur 1, tough skin 3, missing a hand
a: Renounce Religion


You were on level 8 of the Dungeon.
You worshipped Ru.
Ru was pleased with you.
You were very full.

You visited 2 branches of the dungeon, and saw 9 of its levels.

You collected 621 gold pieces.
You spent 50 gold pieces at shops.

Inventory:

Missiles
 c - 8 large rocks (quivered)
 d - 2 throwing nets
Armour
 a - a +1 robe (worn)
 r - a +2 hat (worn)
Jewellery
 l - a ring of protection from cold (right claw)
Wands
 v - a wand of random effects (13)
Scrolls
 e - 8 scrolls of remove curse
 h - 2 scrolls of enchant armour
 j - 3 scrolls of identify
 m - 6 scrolls of teleportation
 n - a scroll of fog
 p - a scroll of enchant weapon
 y - 2 scrolls of magic mapping
Potions
 b - 3 potions of brilliance {unknown}
 g - 3 potions of heal wounds
 i - 2 potions of might
 k - 2 potions of curing {unknown}
 o - 2 potions of lignification
 q - 3 potions of agility
 s - a potion of mutation
 t - a potion of resistance {unknown}
 z - 2 potions of ambrosia
Comestibles
 f - 11 rations


   Skills:
 - Level 8.1 Fighting
 - Level 1.7 Throwing
 * Level 3.2 Armour
 * Level 3.7 Dodging
 - Level 9.5 Unarmed Combat
 - Level 1.0 Spellcasting
 - Level 2.0 Hexes


You had 7 spell levels left.
You knew the following spells:

 Your Spells              Type           Power        Failure   Level  Hunger
a - Corona                Hex            #......      16%         1    ##.....
b - Portal Projectile     Hex/Tloc       #.....       58%         3    ####...

Your spell library contained the following spells:

 Spells                   Type           Power        Failure   Level  Hunger
 Slow                     Hex            #.......     24%         2    ###....
 Inner Flame              Hex/Fire       #.......     58%         3    ####...
 Cause Fear               Hex            #.........   85%         4    #####..
 Leda's Liquefaction      Hex/Erth       #.........   94%         4    #####..


Dungeon Overview and Level Annotations

Branches:
Dungeon (8/15)             Temple (1/1) D:6
   Lair: D:8-11

Altars:
Cheibriados
Gozag
Hepliaklqana
Okawaru
Ru
Wu Jian

Shops:
D:8 }

Annotations:
D:3 Grinder


Innate Abilities, Weirdness & Mutations

You are too large for most types of armour.
You have claws for hands.
Your metabolism is lightning-fast.
You like to eat raw meat.
Your natural rate of healing is unusually fast.
You are covered in fur. (AC +1)
You have extremely tough skin. (AC +3)
You are missing a hand.


Message History

You don't have any such object.
Evoke which item? (* to show all) (? for menu, Esc to quit)
Okay, then.
Unknown command.
Unknown command.
Evoke which item? (* to show all) (? for menu, Esc to quit)
Okay, then.
Unknown command.
Evoke which item? (* to show all) (? for menu, Esc to quit)
Aiming: Random Effects
Press: ? - help, Shift-Dir - straight line, f/p - two-headed ogre
Aim: a two-headed ogre, wielding two +0 giant clubs (severely wounded)
The puff of flame hits the two-headed ogre.
The two-headed ogre is severely wounded.
The two-headed ogre closely misses you.
The two-headed ogre completely misses you.
You claw the two-headed ogre!
The two-headed ogre is almost dead.
The two-headed ogre hits you with a +0 giant club!!
You die...

####.........#
.............#
#...........#
#...........#
#........#..#
.#
#........#..#
.#
#..)....$##>..
.# #....O...#
####.#
#....@...#
##.#####
##########
#......#
#......#
#<.....#
#.........#
#.##.#.#### #
#.#.# ..# #
...


You could see a two-headed ogre.

Vanquished Creatures
  A two-headed ogre (D:8)
  Pikel (D:8)
  A yak (D:7)
  3 hogs (D:7)
  A human (D:7)
  An ice beast (D:6)
  2 phantoms (D:6)
  3 slaves (D:8)
  3 black bears
  2 sky beasts
  An ogre (D:8)
  A centaur (D:7)
  A big kobold (D:7)
  A bullfrog (D:6)
  A scorpion (D:6)
  A water moccasin skeleton (D:8)
  4 wights (D:6)
  4 howler monkeys
  5 crimson imps
  A quasit (D:2)
  2 jellies
  5 hounds
  A centaur skeleton (D:4)
  2 orc priests
  A bullfrog skeleton (D:5)
  An orc wizard (D:3)
  6 iguanas
  Ijyb (D:3)
  Natasha (thrice) (D:2)
  3 worker ants
  A hound zombie (D:7)
  A worker ant zombie (D:7)
  14 adders
  A shadow imp (D:6)
  2 oozes
  3 adder skeletons
  An adder zombie (D:5)
  2 worms
  9 leopard geckos
  12 orcs
  5 bats
  3 giant cockroaches
  5 goblins
  7 hobgoblins
  9 jackals
  4 quokkas
  3 ball pythons
  2 frilled lizards (D:3)
  A jackal skeleton (D:4)
  A jackal zombie (D:5)
  13 kobolds
  2 leopard gecko skeletons (D:4)
  A quokka zombie (D:5)
  8 rats
173 creatures vanquished.

Vanquished Creatures (others)
  An ogre (D:7)
1 creature vanquished.

Grand Total: 174 creatures vanquished

Notes
Turn   | Place    | Note
-------+----------+-------------------------------------------
     0 | D:1      | Faustar the Troll Arcane Marksman began the quest for the
                  | Orb.
     0 | D:1      | Reached XP level 1. HP: 18/18 MP: 1/1
    24 | D:1      | You fall into a shaft and drop 1 floor!
    63 | D:2      | Reached skill level 1 in Fighting
   209 | D:1      | Reached skill level 1 in Unarmed Combat
   248 | D:1      | Reached XP level 2. HP: 27/27 MP: 2/2
   722 | D:2      | Reached XP level 3. HP: 34/35 MP: 3/3
   745 | D:2      | Reached skill level 2 in Unarmed Combat
   858 | D:2      | Reached XP level 4. HP: 41/42 MP: 4/4
   946 | D:2      | Found a hazy altar of Hepliaklqana.
   952 | D:2      | Found an ornate altar of the Wu Jian Council.
  1035 | D:2      | Noticed Natasha
  1046 | D:2      | Killed Natasha
  1244 | D:2      | Found an opulent altar of Gozag.
  1475 | D:2      | Noticed Natasha
  1481 | D:2      | Killed Natasha
  1481 | D:2      | Reached skill level 3 in Unarmed Combat
  1524 | D:2      | Noticed Natasha
  1532 | D:2      | Killed Natasha
  1532 | D:2      | Reached XP level 5. HP: 38/52 MP: 5/5
  1542 | D:3      | Noticed Ijyb
  1662 | D:3      | Found a sacrificial altar of Ru.
  1711 | D:3      | Noticed Grinder
  1830 | D:3      | Killed Ijyb
  1830 | D:3      | Reached skill level 4 in Unarmed Combat
  2123 | D:3      | Reached XP level 6. HP: 61/61 MP: 6/6
  2876 | D:3      | Reached skill level 5 in Unarmed Combat
  2876 | D:3      | Reached XP level 7. HP: 62/70 MP: 7/7
  2896 | D:3      | Became a worshipper of Ru the Awakened
  3234 | D:5      | Entered Level 5 of the Dungeon
  3876 | D:5      | Found an iron altar of Okawaru.
  3877 | D:5      | Found a snail-covered altar of Cheibriados.
  3993 | D:6      | Reached skill level 5 in Fighting
  4059 | D:6      | Reached skill level 6 in Unarmed Combat
  4107 | D:6      | Learned a level 3 spell: Portal Projectile
  4119 | D:6      | Gained mutation: You are missing a hand. [Ru sacrifice]
  4119 | D:6      | Reached * piety under Ru
  4119 | D:6      | Reached ** piety under Ru
  4221 | D:6      | Reached XP level 8. HP: 78/81 MP: 8/8
  4271 | D:6      | Found a staircase to the Ecumenical Temple.
  4344 | D:6      | Reached skill level 7 in Unarmed Combat
  4903 | Temple   | Entered the Ecumenical Temple
  5078 | D:7      | Reached skill level 8 in Unarmed Combat
  5223 | D:7      | Reached XP level 9. HP: 81/92 MP: 9/9
  5889 | D:7      | Reached skill level 9 in Unarmed Combat
  6098 | D:8      | Found Unot's Gadget Emporium.
  6106 | D:8      | Bought a wand of paralysis (3) for 50 gold pieces
  6109 | D:8      | Noticed Pikel
  6152 | D:8      | Noticed a two-headed ogre
  6166 | D:8      | Killed a two-headed ogre
  6177 | D:8      | Reached XP level 10. HP: 104/104 MP: 10/10
  6207 | D:8      | Killed Pikel
  6282 | D:8      | Noticed a two-headed ogre
  6299 | D:8      | Slain by a two-headed ogre

Levels and vault maps discovered:
D:1:      dpeg_arrival_ternary, layout_loops_ring
D:2:      layout_basic, minitemple, lemuel_statue_altar, uniq_natasha
D:3:      layout_basic, lemuel_doored_altar, uniq_grinder, uniq_ijyb
D:4:      layout_cave_pools, first_ration, corexii_item_surrounded_by_moat
D:5:      layout_loops_ring, gammafunk_temple_overflow_pools
D:6:      layout_loops_corners, minmay_temple_entry_trees
D:7:      layout_loops_cross, grunt_livestock
D:8:      layout_basic, nicolae_qazlal_eye_of_the_storm, serial_shops,
          shop_fountains, uniq_pikel
Temple:   eino_temple_scatter_basement

Skill      XL: |  1  2  3  4  5  6  7  8  9 10 |
---------------+-------------------------------+-----
Fighting       | 1 2 3 4 5 6 8 |  8.1
Unarmed Combat | 1 2 3 4 5 6 8 9 |  9.5
Armour         | 2 3 |  3.2
Dodging        | 3 |  3.7
Throwing       | |  1.7
Spellcasting   | |  1.0
Hexes          | |  2.0

Action                   |  1- 3 |  4- 6 |  7- 9 | 10-12 || total
-------------------------+-------+-------+-------+-------++-------
Melee: Unarmed           |   100 |   189 |   317 |    21 ||   627
       Punch             |       |     1 |     3 |       ||     4
Invok: Sacrifice a Hand  |       |       |     1 |       ||     1
Evoke: Wand              |       |       |     4 |     4 ||     8
  Use: Scroll            |       |       |    14 |       ||    14
 Stab: Sleeping          |     1 |       |     2 |       ||     3
       Distracted        |       |       |     1 |       ||     1
       Paralysed         |       |       |     4 |       ||     4
  Eat: Chunk             |    10 |    21 |    24 |       ||    55
       Ration            |       |       |     2 |       ||     2
Armor: Robe              |    33 |   100 |    76 |     3 ||   212
Dodge: Dodged            |    51 |   140 |   110 |    10 ||   311

Table legend:
 A = Non-vault XP
 B = Vault XP
 C = Vault XP percentage of total XP
 D = Non-vault monster count
 E = Vault monster count
 F = Vault count percentage of total count
                 A         B        C        D         E       F
            +---------+---------+-------+---------+---------+-------
      Total |    4657 |    1633 |  26.0 |     163 |       8 |   4.7
            +---------+---------+-------+---------+---------+-------
        D:1 |      21 |       0 |   0.0 |      12 |       0 |   0.0
        D:2 |     228 |      35 |  13.3 |      33 |       1 |   2.9
        D:3 |     272 |      36 |  11.7 |      30 |       1 |   3.2
        D:4 |     192 |       0 |   0.0 |      20 |       0 |   0.0
        D:5 |     247 |       0 |   0.0 |      14 |       0 |   0.0
        D:6 |    1347 |       0 |   0.0 |      25 |       0 |   0.0
        D:7 |    1051 |     911 |  46.4 |      21 |       5 |  19.2
        D:8 |    1299 |     651 |  33.4 |       8 |       1 |  11.1
            +---------+---------+-------+---------+---------+-------
